Map: [ESL] Site Delta

Players

LiquidElazer (Elazer) - Winner!

  • Race: Zerg Zerg
  • Spawn Location: 5:00

Fjant

  • Race: Zerg Zerg
  • League: Grandmaster
  • Spawn Location: 11:00

Event: HomeStory Cup XXIV

VOD

Have the link to the VOD?

Description

Time

  • Played on: Dec. 1, 2023, 9:34 a.m.
  • Length: 6:17

All games in this series

Show
View Real Time Build Order
Export as new Build Order

LiquidElazer Zerg - Winner!

Build Orders: Hatch First, Zergling Baneling 

Get SALT Encoding   

  12  0:00  Drone  
  13  0:11  Overlord  
  13  0:19  Drone  
  14  0:30  Drone x2  
  16  0:47  Hatchery  
  15  0:50  Drone  
  15  0:54  Drone  
  17  0:57  Drone  
  18  1:08  Extractor  
  17  1:12  Spawning Pool  
  17  1:16  Drone  
  17  1:19  Drone  
  18  1:27  Drone  
  19  1:38  Drone  
  20  1:48  Drone  
  21  1:59  Queen x2  
  21  2:00  Zergling x2, Overlord  
  26  2:08  Metabolic Boost  
  26  2:11  Drone x2  
  28  2:21  Drone x2  
  30  2:32  Zergling x2  
  30  2:35  Hatchery  
  30  2:39  Drone  
  31  2:44  Drone x2  
  31  2:51  Baneling Nest  
  32  2:53  Drone, Overlord  
  33  3:09  Zergling x2  
  33  3:10  Zergling x4  
  33  3:12  Zergling x10  
  41  3:19  Zergling x2  
  42  3:21  Overlord  
  42  3:32  Zergling x2  
  42  3:33  Zergling x2  
  44  3:34  Baneling x3  
  44  3:35  Baneling  
  44  3:40  Drone  
  50  3:41  Drone x5  
  50  3:53  Queen  
  53  3:55  Drone x5  
  50  4:04  Zergling x4  
  49  4:12  Extractor, Drone x2  
  49  4:13  Drone  
  49  4:14  Zergling x4  
  49  4:15  Roach Warren  
  52  4:19  Zergling x6  
  52  4:21  Zergling x2  
  52  4:23  Zergling x2  
  57  4:24  Baneling x2  
  57  4:29  Overlord  
  57  4:32  Overlord  
  57  4:33  Baneling x2  
  56  4:46  Overlord x2  
  56  4:47  Overlord  
  56  4:57  Roach  
  56  4:58  Roach x5  
  68  5:03  Roach  
  70  5:08  Roach  
  70  5:09  Roach  
  74  5:14  Roach  
  74  5:18  Roach  
  77  5:24  Roach  
  77  5:25  Zergling x18  
  77  5:28  Zergling x4  
  90  5:35  Zergling x4  
  92  5:38  Baneling x3  
  92  5:52  Zergling x2  
  92  5:53  Zergling x14  
  96  5:57  Zergling x4  
Show
View Real Time Build Order
Export as new Build Order

Fjant Zerg 

Build Orders: Hatch First 

Get SALT Encoding   

  12  0:00  Drone  
  13  0:14  Overlord  
  13  0:17  Drone  
  14  0:32  Drone x2  
  16  0:47  Hatchery  
  15  0:52  Drone  
  15  0:56  Drone  
  17  1:01  Drone  
  18  1:10  Extractor  
  17  1:14  Spawning Pool  
  17  1:16  Drone  
  17  1:20  Drone  
  18  1:29  Drone  
  19  1:40  Drone  
  20  1:54  Drone  
  21  2:02  Queen x2  
  21  2:03  Zergling x2  
  21  2:04  Overlord  
  26  2:11  Drone  
  26  2:13  Metabolic Boost  
  27  2:16  Drone  
  28  2:23  Drone x2  
  30  2:34  Hatchery  
  30  2:35  Zergling x2  
  30  2:37  Drone  
  30  2:42  Drone  
  32  2:44  Overlord  
  32  2:58  Overlord  
  32  2:59  Baneling Nest  
  30  3:12  Zergling x4  
  32  3:13  Zergling x2  
  32  3:14  Zergling x2  
  32  3:15  Drone x5  
  39  3:25  Zergling x2  
  39  3:26  Zergling x2  
  41  3:36  Zergling x4  
  43  3:43  Baneling x2  
  43  3:44  Zergling x4  
  43  3:45  Zergling x4  
  46  3:51  Zergling x2  
  46  3:55  Baneling x2  
  43  4:06  Zergling x10  
  43  4:08  Queen  
  43  4:09  Queen x2  
  46  4:12  Drone  
  47  4:18  Drone x2  
  47  4:19  Drone  
  50  4:30  Drone x3  
  53  4:35  Evolution Chamber  
  53  4:38  Drone  
  53  4:40  Drone  
  53  4:41  Drone  
  55  4:52  Drone x3  
  58  4:53  Roach Warren  
  58  4:59  Lair  
  57  5:01  Drone x2, Extractor  
  57  5:02  Extractor  
  57  5:03  Drone  
  58  5:14  Overlord x3  
  58  5:22  Overlord  
  58  5:34  Drone x3  
  61  5:36  Zergling x12  
  61  5:42  Zergling x4  
  68  5:52  Roach x5  
  73  5:58  Roach x4  
Tags
 
Add a new tag
Caveats
  • Supply blocks, unpowered buildings, or Contaminate may cause inaccurate times.
  • Supply counts are checked every 10 seconds.